 Dungeon Crawl Stone Soup version 0.30-a0-596-g0af90f9a20 (webtiles) character file.

Game seed: 10971813638811835576

155783 wormed the Alchemist (level 17, -13/181 HPs)
             Began as an Octopode Transmuter on Jan 7, 2023.
             Was an Initiate of Gozag.
             Mangled by a broodmother (26 damage)
             ... on level 4 of the Spider Nest.
             The game lasted 01:05:09 (34745 turns).

wormed the Alchemist (Octopode Transmuter)         Turns: 34745, Time: 01:05:10

Health: -13/181    AC: 16    Str: 22    XL:     17   Next: 65%
Magic:  27/32      EV: 17    Int: 26    God:    Gozag
Gold:   1620       SH:  0    Dex: 25    Spells: 22/39 levels left

rFire   + + .      SeeInvis +      - Unarmed
rCold   x . .      Faith    .    (shield currently unavailable)
rNeg    . . .      Spirit   .    (helmet currently unavailable)
rPois   +          Reflect  .    f - amulet of regeneration
rElec   +          Harm     .    i - ring of poison resistance
rCorr   +          Rampage  .    w - +4 ring of slaying
Will    +....                    z - ring of protection from cold
Stlth   +                        N - +6 ring of dexterity
HPRegen 1.30/turn                m - +6 ring of dexterity
MPRegen 0.23/turn                E - ring of the Seven Orbs {rElec rF- rCorr Int+6 SInv}
                                 J - ring of fire
                                 O - +4 ring of slaying

@: confused, dragon-form, wereblooded, gold aura, flying, slowed, studying 2
skills, very slow
A: dragon claw, dragon scales, breathe fire, flying, boosted hp, almost no
armour, amphibious, 8 rings, giant, (camouflage 1), (gelatinous body 1), (nimble
swimmer 1), (tentacles)
a: Breathe Fire, End Transformation, Renounce Religion, Potion Petition, Call
Merchant, Bribe Branch


You were on level 4 of the Spider Nest.
You worshipped Gozag.
Gozag was most pleased with you.
You were a fearsome dragon!
You visited 5 branches of the dungeon, and saw 27 of its levels.
You visited the Abyss 1 time.
You also visited: Ossuary.

You collected 10093 gold pieces.
You spent 603 gold pieces at shops.
You paid 7870 gold pieces to Gozag.

Inventory:

Missiles
 q - 2 throwing nets
Jewellery
 f - an amulet of regeneration (around neck)
 i - a ring of poison resistance (left foreclaw)
 m - a +6 ring of dexterity (on tentacle)
 p - a ring of magical power
 w - a +4 ring of slaying (right foreclaw)
 z - a ring of protection from cold (on tentacle)
 E - the ring of the Seven Orbs (on tentacle) {rElec rF- rCorr Int+6 SInv}
   (You bought it in a shop on level 3 of the Lair of Beasts)

   [ring of see invisible]

   Int:       It affects your intelligence (+6).
   rF:        It makes you vulnerable to fire.
   rElec:     It insulates you from electricity.
   SInv:      It lets you see invisible.
   rCorr:     It protects you from acid and corrosion.
 F - a ring of flight
 J - a ring of fire (on tentacle)
 N - a +6 ring of dexterity (on tentacle)
 O - a +4 ring of slaying (on tentacle)
 Q - a ring of protection from cold
Wands
 d - a wand of roots (18)
 v - a wand of polymorph (5)
 B - a wand of digging (4)
 H - a wand of charming (19)
 I - a wand of flame (34) (quivered)
 L - a wand of acid (10)
Scrolls
 h - a scroll of silence
 j - 7 scrolls of teleportation
 n - 7 scrolls of enchant weapon
 o - 6 scrolls of enchant armour
 r - a scroll of amnesia
 s - 7 scrolls of fog
 u - 4 scrolls of poison
 y - 2 scrolls of summoning
 C - a scroll of brand weapon
 D - 4 scrolls of magic mapping
 K - 3 scrolls of identify
 M - a scroll of blinking
Potions
 a - 3 potions of lignification
 b - 5 potions of magic
 c - 6 potions of curing
 e - 3 potions of haste
 g - 4 potions of cancellation
 k - 6 potions of mutation
 l - 6 potions of flight
 t - 3 potions of attraction
 x - 2 potions of resistance
 A - 2 potions of invisibility
 G - 2 potions of ambrosia
 P - 2 potions of heal wounds


   Skills:
 + Level 12.6 Fighting
 + Level 12.8 Dodging
 + Level 14.6 Unarmed Combat
 + Level 11.9 Spellcasting
 - Level 16.0 Transmutations
 - Level 5.0 Ice Magic
 + Level 11.1 Air Magic


You had 22 spell levels left.
You knew the following spells:

 Your Spells              Type           Power      Damage    Failure   Level
a - Dragon Form           Tmut           39%        N/A       4%          7
b - Wereblood             Tmut           78%        N/A       0%          2
c - Airstrike             Air            32%        2d(5-21)  1%          4
z - Ice Form              Ice/Tmut       63%        N/A       1%          4

Your spell library contained the following spells:

 Spells                   Type           Power      Damage    Failure   Level
 Beastly Appendage        Tmut           100%       N/A       0%          1
 Shock                    Conj/Air       100%       1d9       1%          1
 Sting                    Tmut/Pois      100%       1d8       1%          1
 Ensorcelled Hibernation  Hex/Ice        56%        N/A       1%          2
 Passwall                 Tmut/Erth      45%        N/A       1%          2
 Poisonous Vapours        Pois/Air       88%        N/A       1%          2
 Frozen Ramparts          Ice            82%        1d13      1%          3
 Spider Form              Tmut/Pois      54%        N/A       1%          3
 Swiftness                Air            65%        N/A       1%          3
 Petrify                  Tmut/Erth      54%        N/A       1%          4
 Apportation              Tloc           30%        N/A       3%          1
 Kiss of Death            Conj/Necr      60%        2d10      3%          1
 Magic Dart               Conj           60%        1d6       3%          1
 Necrotise                Necr           60%        1d7       3%          1
 Summon Small Mammal      Summ           60%        N/A       3%          1
 Scorch                   Fire           46%        2d7       6%          2
 Searing Ray              Conj           30%        2d5       6%          2
 Call Canine Familiar     Summ           15%        N/A       12%         3
 Confusing Touch          Hex            15%        N/A       12%         3
 Dazzling Flash           Conj/Hex       30%        N/A       12%         3
 Stone Arrow              Conj/Erth      30%        3d8       12%         3
 Summon Guardian Golem    Hex/Summ       15%        N/A       12%         3
 Summon Ice Beast         Ice/Summ       28%        N/A       14%         4
 Statue Form              Tmut/Erth      36%        N/A       22%         6
 Cause Fear               Hex            7%         N/A       36%         4
 Dispel Undead            Necr           15%        3d10      36%         4
 Flame Wave               Conj/Fire      23%        2d8       36%         4
 Fulminant Prism          Conj/Hex       7%         3d7       36%         4
 Iskenderun's Mystic Bla  Conj/Tloc      15%        2d5       36%         4
 Olgreb's Toxic Radiance  Pois           15%        N/A       36%         4
 Metabolic Englaciation   Hex/Ice        14%        N/A       36%         5
 Borgnjor's Vile Clutch   Necr/Erth      7%         N/A       71%         5
 Death Channel            Necr           7%         N/A       99%         6
 Starburst                Conj/Fire      11%        6d5       99%         6
 Summon Cactus Giant      Summ           7%         N/A       99%         6
 Lehudib's Crystal Spear  Conj/Erth      7%         10d3      100%        8
 Dragon's Call            Summ           7%         N/A       100%        9
 Animate Armour           Summ/Erth      Unusable   N/A       N/A         4
 Animate Dead             Necr           Unusable   N/A       N/A         4

Dungeon Overview and Level Annotations

Branches:
Dungeon (15/15)            Temple (0/1) D:7            Lair (5/5) D:9
  Swamp (0/4) Lair:3       Spider (4/4) Lair:3        Slime (1/5) Lair:5
    Orc (2/2) D:12            Elf (0/3) Orc:2        Vaults (0/5) D:14
 Depths (0/4) D:15        Ossuary (visited)

Altars:
Gozag
Ru
Sif Muna
The Shining One
Lugonu

Shops:
D:3 (   D:6 !   D:7 ==   D:8 (   D:9 *:   D:12 :*   Orc:1 [   Orc:2 ::![?
Lair:3 =

Portals:
Abyss: Lair:5
Trove: D:10 (show slimy rune of Zot)

Annotations:
Lair:3 Gastronok


Innate Abilities, Weirdness & Mutations

You are a fearsome dragon!
You have a powerful clawing attack.
Your giant scaled body is strong and resiliant, but less evasive.
You can breathe fire.
You are flying.
Your maximum health is greatly increased.
Your armour is entirely melded.
You are incapable of wielding weapons or throwing items.
You cannot wear most types of armour.
You are amphibious.
You can wear up to eight rings at the same time.
((Your skin changes colour to match your surroundings (Stealth+).))
((Your rubbery body absorbs attacks. (AC +1, EV +1)))
((You are camouflaged when in or above water. (Stealth+)))
((You have tentacles for arms and can constrict up to eight enemies at once.))


Message History

The broodmother barely misses you. The tarantella misses you.
There is a Zot trap here.
You see here 4 gold pieces.
You barely miss the broodmother. You bite the broodmother!
The broodmother is lightly wounded.
The tarantella closely misses you.
The jumping spider leaps!
The tarantella touches you but does no damage.
The tarantella touches you!
* * * LOW HITPOINT WARNING * * *
The torpor snail bites you!
* * * LOW HITPOINT WARNING * * *
The broodmother bites you.
* * * LOW HITPOINT WARNING * * *
A spider bursts forth from the wound!
The tarantella touches you but does no damage.
The blizzard demon waves its arms in wide circles.
The air twists around and strikes you!
* * * LOW HITPOINT WARNING * * *
The jumping spider leaps!
The tarantella touches you but does no damage.
The tarantella touches you but does no damage. x2
You hear a loud "Zot"!
The jumping spider leaps!
The jumping spider misses you. The jumping spider barely misses you.
The tarantella touches you!
* * * LOW HITPOINT WARNING * * *
You are more confused.
The broodmother summons spiders!
The jumping spider barely misses you.
The jumping spider bites you but does no damage.
The jumping spider leaps!
The tarantella touches you.
* * * LOW HITPOINT WARNING * * *
You maul the jumping spider!!!
You feel a bit better.
You kill the jumping spider!
The tarantella is distracted by your dazzling golden aura.
The wolf spider hits you but does no damage.
The wolf spider bites you but does no damage.
The blizzard demon barely misses you.
The blizzard demon hits you but does no damage.
The broodmother bites you!!
You die...
Your body crumbles into a pile of gold.

#^^....... #...###..#....
#. .....#####.... ##.
.....## #.... #...
##.....# #....
#.°#######..#..## #....
##.s.s##........# ###..
###....s2#........# #..^
.......sD$........#####..
......swss.##.....##.####
..^.....s...#....##...#
.......°....##........###
...........###....^#....#
..........## ##^####.....
.#.#..##### ### #...^.#
##### ##..#.. ######


You could see a broodmother, a blizzard demon, a torpor snail, a wolf spider
(summoned), a culicivora (summoned), a jumping spider and 4 tarantellas.

Vanquished Creatures
  Jorgrun (D:13)
  A Hell Sentinel (Spider:4)
  The ghost of Nustrige the Fighter, an adept OpWn of Ru (D:14)
  The ghost of Iich the Severer, a journeyman DsBe of Trog (D:15)
  An emperor scorpion (Spider:2)
  3 broodmothers
  An orc warlord (Orc:2)
  2 spark wasps
  Snorg (Lair:5)
  An ettin (D:15)
  3 entropy weavers
  Josephine (D:13)
  A vault guard (D:14)
  10 hydras
  Erolcha (D:12)
  3 radroaches (Spider:3)
  An ogre mage (D:13)
  A catoblepas (D:13)
  9 centaur warriors
  7 boulder beetles
  A two-headed ogre (Orc:2)
  An orc high priest (Orc:2)
  6 tengu warriors
  A deep elf knight (D:13)
  4 thrashing horrors
  8 skeletal warriors
  5 pharaoh ants
  Sonja (D:11)
  A sun moth (Spider:3)
  A deep troll (D:15)
  7 orb spiders
  7 steelbarb worms
  A glowing orange brain (shapeshifter) (D:13)
  2 wizards
  A necromancer (D:15)
  Pikel (D:4)
  2 deep elf pyromancers
  6 orc knights
  3 orc sorcerers (Orc:2)
  13 wolf spiders
  12 cyclopes
  6 ugly things
  A wolf spider (shapeshifter) (Lair:5)
  4 manticores
  5 moths of wrath
  19 elephants
  7 black mambas
  A cane toad (shapeshifter) (Lair:5)
  Maggie (D:8)
  2 gargoyles (D:11)
  10 cane toads
  2 rime drakes
  4 torpor snails
  An efreet (D:14)
  11 demonic crawlers
  14 komodo dragons
  Psyche (D:12)
  A freezing wraith (D:15)
  A tengu conjurer (D:13)
  2 ancient zymes (Lair:5)
  3 meliai (Spider:2)
  13 trolls
  A meliai (shapeshifter) (D:10)
  A queen bee (shapeshifter) (D:15)
  3 polar bears
  5 hornets
  7 saltlings (Orc:2)
  10 dream sheep
  A wolf spider simulacrum (D:15)
  23 tarantellas
  28 blink frogs (Lair:5)
  24 culicivoras
  15 slime creatures
  A centaur simulacrum (D:14)
  20 jumping spiders
  34 yaks
  3 ynoxinuls (Lair:5)
  2 vampires (D:13)
  9 wraiths
  A shadow (D:12)
  2 wyverns
  2 spriggans (Lair:5)
  5 basilisks
  Grum (D:11)
  A hog (shapeshifter) (D:13)
  9 vampire mosquitoes
  2 chaos spawn (Lair:5)
  3 steam dragons
  42 redbacks
  3 wargs
  Menkaure (Ossuary)
  2 two-headed ogre zombies (D:12)
  Edmund (D:5)
  5 swamp worms (Lair:3)
  A harpy simulacrum (D:13)
  A large abomination (Lair:5)
  9 small abominations (Lair:5)
  16 water moccasins
  A floating eye (D:10)
  18 orc warriors
  5 black bears
  2 ice beasts
  13 centaurs
  5 ogres
  A boggart (D:14)
  16 wolves
  A phantom (D:12)
  4 kobold brigands
  6 bullfrogs
  A necrophage (D:7)
  4 scorpions
  3 gnoll sergeants
  5 wights
  3 troll zombies (D:12)
  2 killer bees (D:10)
  9 howler monkeys
  7 electric eels
  6 hounds
  8 orc priests
  3 gnoll boudas (D:6)
  2 jellies
  3 iguanas
  Ijyb (D:3)
  18 orc wizards
  3 ogre zombies (D:12)
  3 mummies (Ossuary)
  7 adders
  20 gnolls
  A shadow imp (D:8)
  2 white imps
  An ufetubus (D:4)
  2 worms
  4 dart slugs
  43 orcs
  8 ball pythons
  6 bats
  7 endoplasms
  6 giant cockroaches
  3 gnoll zombies (Ossuary)
  13 goblins
  8 hobgoblins
  4 jackals (D:1)
  3 quokkas
  7 frilled lizards
  3 gnoll skeletons (Ossuary)
  9 goblin skeletons
  6 goblin zombies
  3 hobgoblin skeletons (Ossuary)
  5 hobgoblin zombies (Ossuary)
  26 kobolds
  3 kobold skeletons (Ossuary)
  2 kobold zombies (Ossuary)
  8 orc skeletons
  23 orc zombies
  A rat (D:1)
  5 rat skeletons (Ossuary)
  5 rat zombies (Ossuary)
934 creatures vanquished.

Vanquished Creatures (others)
  A kobold (D:9)
  A bush (Lair:4)
  49 fungi
  68 plants
119 creatures vanquished.

Grand Total: 1053 creatures vanquished

Notes
Turn   | Place    | Note
-------+----------+-------------------------------------------
     0 | D:1      | wormed the Octopode Transmuter began the quest for the Orb.
     0 | D:1      | Reached XP level 1. HP: 13/13 MP: 3/3
    95 | D:1      | Reached XP level 2. HP: 10/18 MP: 3/5
   223 | D:1      | Learned a level 2 spell: Wereblood
   436 | D:1      | Reached XP level 3. HP: 22/23 MP: 3/6
   599 | D:1      | Reached skill level 1 in Ice Magic
  1208 | D:2      | Reached XP level 4. HP: 28/28 MP: 3/7
  1353 | D:2      | You fall into a shaft and drop 1 floor!
  2866 | D:3      | Found Acemaapa's Antique Weapon Shoppe.
  2928 | D:3      | Noticed Ijyb
  2941 | D:3      | Killed Ijyb
  2942 | D:3      | Reached XP level 5. HP: 23/34 MP: 8/8
  3323 | D:3      | Reached skill level 3 in Transmutations
  3530 | D:3      | Learned a level 4 spell: Ice Form
  3628 | D:4      | Reached XP level 6. HP: 39/39 MP: 10/10
  3961 | D:4      | Noticed a water moccasin
  3972 | D:4      | Killed a water moccasin
  4220 | D:4      | Found a shimmering blue altar of Sif Muna.
  4247 | D:4      | Found an opulent altar of Gozag.
  4503 | D:4      | Reached XP level 7. HP: 45/45 MP: 11/11
  4538 | D:4      | Became a worshipper of Gozag Ym Sagoz the Greedy
  4875 | D:4      | Noticed Pikel
  4889 | D:4      | Killed Pikel
  4890 | D:4      | Reached skill level 4 in Transmutations
  4890 | D:4      | Reached XP level 8. HP: 33/52 MP: 11/13
  5230 | D:5      | Entered Level 5 of the Dungeon
  5389 | D:5      | Reached skill level 5 in Unarmed Combat
  5444 | D:5      | Noticed Edmund
  5471 | D:5      | Killed Edmund
  5995 | D:5      | Reached skill level 5 in Transmutations
  5995 | D:5      | Reached XP level 9. HP: 21/59 MP: 10/15
  6161 | D:6      | Found Eklaqaco's Distillery.
  6173 | D:6      | Reached skill level 5 in Dodging
  7321 | D:7      | Reached skill level 5 in Spellcasting
  7371 | D:7      | Found a transporter.
  7375 | D:7      | Found a transporter.
  7442 | D:7      | Noticed a hornet
  7454 | D:7      | Killed a hornet
  7455 | D:7      | Reached skill level 5 in Fighting
  7455 | D:7      | Reached skill level 6 in Transmutations
  7695 | D:7      | Noticed a hornet
  7701 | D:7      | Killed a hornet
  7702 | D:7      | Reached skill level 5 in Ice Magic
  7787 | D:7      | Reached XP level 10. HP: 66/66 MP: 11/18
  7797 | D:7      | Found a staircase to the Ecumenical Temple.
  7805 | D:7      | Found a sand-covered staircase.
  7829 | Ossuary  | Entered an ossuary
  8501 | Ossuary  | Noticed Menkaure
  8515 | Ossuary  | Killed Menkaure
  8712 | D:7      | Found Dorimni's Jewellery Shoppe.
  8758 | D:7      | Reached skill level 7 in Transmutations
  9454 | D:8      | Found Kircheom's Antique Weapon Shop.
  9483 | D:8      | Noticed Maggie
  9495 | D:8      | Killed Maggie
 10382 | D:9      | Reached skill level 8 in Transmutations
 10517 | D:9      | Reached skill level 1 in Air Magic
 10709 | D:9      | Found a sacrificial altar of Ru.
 10949 | D:9      | Paralysed by a hornet for 2 turns
 10955 | D:9      | Reached XP level 11. HP: 52/74 MP: 15/20
 11904 | D:9      | Found a staircase to the Lair.
 12115 | D:10     | Entered Level 10 of the Dungeon
 12147 | D:10     | Found a portal to a secret trove of treasure.
 12415 | D:10     | Noticed a boulder beetle
 12426 | D:10     | Reached skill level 9 in Transmutations
 12441 | D:10     | Killed a boulder beetle
 12448 | D:10     | Noticed a purple ugly thing
 12454 | D:10     | Killed a purple ugly thing
 13116 | D:10     | Identified a scroll of acquirement
 13116 | D:10     | Acquired 541 gold pieces
 13143 | D:11     | Noticed Grum
 13159 | D:11     | Killed Grum
 13164 | D:11     | Noticed a cyan ugly thing
 13183 | D:11     | Killed a cyan ugly thing
 13248 | Lair:1   | Entered Level 1 of the Lair of Beasts
 13347 | Lair:1   | Reached XP level 12. HP: 69/81 MP: 22/22
 13354 | Lair:1   | Reached skill level 10 in Transmutations
 14595 | Lair:2   | Noticed a boulder beetle
 15006 | Lair:2   | Killed a boulder beetle
 15466 | Lair:2   | Reached skill level 5 in Air Magic
 15754 | Lair:3   | Reached skill level 11 in Transmutations
 15873 | Lair:3   | Found a staircase to the Swamp.
 15938 | Lair:3   | Noticed a five-headed hydra
 15947 | Lair:3   | Killed a five-headed hydra
 15995 | Lair:3   | Found a hole to the Spider Nest.
 16190 | Lair:3   | Noticed Gastronok
 16409 | Lair:3   | Reached XP level 13. HP: 89/89 MP: 19/25
 18132 | Lair:5   | Entered Level 5 of the Lair of Beasts
 18142 | Lair:4   | Reached skill level 12 in Transmutations
 18206 | Lair:3   | Bought the ring of the Seven Orbs {rElec rF- rCorr Int+6
                  | SInv} for 603 gold pieces
 18279 | Lair:5   | Found a staircase to the Slime Pits.
 18610 | Lair:5   | Noticed Snorg
 18635 | Slime:1  | Entered Level 1 of the Pits of Slime
 18962 | Lair:5   | Reached XP level 14. HP: 90/97 MP: 22/26
 19046 | Lair:5   | Reached skill level 10 in Unarmed Combat
 19368 | Lair:5   | Killed Snorg
 19380 | Lair:5   | Reached skill level 13 in Transmutations
 19558 | Lair:5   | Reached skill level 10 in Dodging
 20549 | Lair:5   | Found a corrupted altar of Lugonu.
 20549 | Lair:5   | Found a one-way gate to the infinite horrors of the Abyss.
 21082 | D:11     | Reached skill level 10 in Fighting
 21171 | D:11     | Noticed Sonja
 21188 | D:11     | Killed Sonja
 21346 | D:11     | Found a glowing golden altar of the Shining One.
 21801 | D:12     | Noticed Psyche
 21809 | D:12     | Killed Psyche
 21914 | Abyss:2  | Cast into level 2 of the Abyss (skeletal warrior)
 21979 | D:12     | Escaped the Abyss
 22295 | D:12     | Found a staircase to the Orcish Mines.
 22568 | D:12     | Noticed Erolcha
 22594 | D:12     | Killed Erolcha
 22595 | D:12     | Reached XP level 15. HP: 103/103 MP: 26/28
 22932 | D:12     | Reached skill level 14 in Transmutations
 23147 | D:12     | Found Bikay's General Store.
 23387 | D:13     | Noticed Josephine
 23401 | D:13     | Killed Josephine
 23845 | D:13     | Reached skill level 10 in Spellcasting
 24234 | D:13     | Identified the +0 quarterstaff "Oqari" {heavy, rF- rC+ rN+
                  | Stlth+}
 24438 | D:13     | Noticed Jorgrun
 24524 | D:13     | Killed Jorgrun
 25739 | D:14     | Found a runed translucent gate.
 25739 | D:14     | Found a runed translucent gate.
 25739 | D:14     | Found a runed translucent gate.
 25742 | D:14     | Noticed Nustrige's ghost (adept OpWn)
 26129 | D:14     | Found a gate to the Vaults.
 26470 | D:14     | Learned a level 7 spell: Dragon Form
 26475 | D:14     | Learned a level 4 spell: Airstrike
 26505 | D:15     | Entered Level 15 of the Dungeon
 26740 | D:15     | Reached skill level 15 in Transmutations
 26742 | D:15     | Reached XP level 16. HP: 112/112 MP: 24/30
 26743 | D:15     | Found a staircase to the Depths.
 27140 | D:15     | Found a runed translucent gate.
 27140 | D:15     | Found a runed translucent gate.
 27140 | D:15     | Found a runed translucent gate.
 27141 | D:15     | Noticed Iich's ghost (journeyman DsBe)
 27602 | D:15     | Killed Iich's ghost
 28128 | D:14     | Killed Nustrige's ghost
 28229 | D:14     | Identified the +4 scimitar "Tapruro" {heavy, rElec rPois
                  | rN+ rCorr}
 28309 | Orc:1    | Entered Level 1 of the Orcish Mines
 28379 | Orc:1    | Found Emopnoda's Antique Armour Boutique.
 28813 | Orc:2    | Entered Level 2 of the Orcish Mines
 28962 | Orc:2    | Found a staircase to the Elven Halls.
 29464 | Orc:2    | Found Vuiduycug's Antique Armour Boutique.
 29538 | Orc:2    | Found Ittiobby's Distillery.
 29632 | Orc:2    | Found Goadwys's Magic Scroll Emporium.
 29778 | Orc:2    | Found Feihogom's Book Shop.
 30268 | Spider:1 | Entered Level 1 of the Spider Nest
 30797 | Spider:1 | Reached skill level 10 in Air Magic
 31329 | Spider:2 | Reached skill level 16 in Transmutations
 31663 | Spider:2 | Reached XP level 17. HP: 119/119 MP: 32/32
 34390 | Spider:4 | Entered Level 4 of the Spider Nest
 34736 | Spider:4 | Noticed a Hell Sentinel
 34740 | Spider:4 | Killed a Hell Sentinel
 34745 | Spider:4 | Mangled by a broodmother

Illustrated notes

Levels and vault maps discovered:
D:1:      mrwooster_arrival_statue, layout_basic, minmay_pentomino_x4
D:2:      layout_loops_ring, roderic_lattice_a, minmay_fractal_squares_gapless_5
D:3:      layout_loops_cross, serial_shops, nicolae_shop_crystal,
          minmay_misc_feat_encased, uniq_ijyb
D:4:      layout_layer_cave, mainiacjoe_overflow_two_lobes, minmay_manual_moon,
          uniq_pikel
D:5:      layout_gridville, uniq_edmund
D:6:      layout_loops_cross, serial_shops, nicolae_stop_n_shop_1
D:7:      gammafunk_steamed_eel, layout_rooms, minmay_temple_entry_mist,
          nicolae_ossuary_entry_ruins, amcnicky_mini_corridor_feature,
          nicolae_inconvenience_store, kennysheep_nondescript,
          minmay_misc_feat_five, nrook_mini_backslash
D:8:      layout_gridville, serial_shops, nicolae_take_the_stairs, uniq_maggie
D:9:      layout_layer_cave, nicolae_ru_great_annihilating_truth,
          grunt_lair_entry_orc_guard_hut
D:10:     layout_loops_ring, enter_trove_2, onia_ninara_cookie
D:11:     layout_cross, serial_column_ruins, column_ruins_hut_ruined,
          column_ruins_square_small, column_ruins_columns_straight,
          column_ruins_corridor_dead_end, column_ruins_grid_4,
          column_ruins_open_medium, column_ruins_columns_corner,
          column_ruins_open_tiny, column_ruins_open_tiny,
          portal_ice_cave_entry_pillars_1, solitary_fountain, tso_metal_star,
          uniq_sonja, uniq_grum
D:12:     layout_stronghold, zombieorc2_lemuel, serial_shops, shop,
          uniq_erolcha, uniq_psyche
D:13:     minmay_the_grid_four_pointed_star_mashed
          [minmay_the_grid_triangle_9x9_odd_lines,
          minmay_the_grid_triangle_9x9_zippers_vertical,
          minmay_the_grid_triangle_9x9_steps,
          minmay_the_grid_triangle_9x9_checkered,
          minmay_the_grid_prize_trominoes], layout_loops_ring, uniq_josephine,
          uniq_jorgrun
D:14:     layout_stronghold, david_vaults_5, gammafunk_ghost_hydra_chop,
          nicolae_wand_duel, minmay_misc_feat_doors
D:15:     hangedman_depths_entry_civil_slaughter, layout_basic,
          ebering_ghost_rock_garden, lemuel_old_faithful
Lair:1:   layout_layer_cave, serial_bayou_shore_b, infiniplex_staircase_pool_2
Lair:2:   layout_hall_layers, serial_bayou_shore_a, serial_bayou_shore_b,
          lemuel_fruit_tree, lemuel_fruit_fields
Lair:3:   layout_regular_city, nicolae_swamp_entry_splash_gauntlet,
          hellmonk_spider_entry_life_and_decay, nicolae_quartered_pool_medium,
          grunt_megastairs_1, uniq_gastronok
Lair:4:   layout_small_grid, chequers_serial_rivers_large_b, serial_bayou_pond_e
Lair:5:   hellmonk_lair_end_abyssal_woods, layout_regular_city, slime_entry_1,
          grunt_megastairs_2, uniq_snorg
Spider:1: layout_spider_delve, nicolae_spider_claw_tunnel
Spider:2: layout_cave_pods
Spider:3: layout_chambers
Spider:4: hellmonk_spider_rune_endless_swarm
Slime:1:  cheibrodos_slime_lost_civilization_1, layout_caves
Orc:1:    layout_diamond_mine, serial_shops, shop, basic_altar
Orc:2:    hellmonk_orc_salted, layout_caves

Skill      XL: |  1  2  3  4  5  6  7  8  9 10 11 12 13 14 15 16 17 |
---------------+----------------------------------------------------+-----
Ice Magic      | 1 2 3 4 5 |  5.0
Fighting       | 2 3 4 5 6 7 8 9 10 11 12 | 12.6
Transmutations | 3 4 5 6 8 9 11 12 13 15 16 | 16.0
Dodging        | 3 4 5 6 7 8 9 10 11 12 | 12.8
Spellcasting   | 3 4 5 6 7 8 9 10 11 | 11.9
Unarmed Combat | 4 5 6 7 8 9 10 12 13 14 | 14.6
Air Magic      | 1 3 5 6 8 9 10 11 | 11.1

Action                   |  1- 3 |  4- 6 |  7- 9 | 10-12 | 13-15 | 16-18 || total
-------------------------+-------+-------+-------+-------+-------+-------++-------
Melee: Unarmed           |    89 |   118 |   211 |   636 |  1029 |   480 ||  2563
       Kick              |    17 |    48 |     3 |       |       |       ||    68
       Constrict         |    24 |    31 |     1 |     6 |       |     2 ||    64
       Tentacles         |    14 |    33 |     2 |     7 |     1 |     1 ||    58
       Punch             |     1 |     4 |     1 |       |     9 |    33 ||    48
       Bite              |       |       |       |       |     7 |    69 ||    76
       Tailslap          |       |       |       |       |     2 |    85 ||    87
 Cast: Beastly Appendage |    19 |    30 |     4 |       |       |       ||    53
       Wereblood         |    11 |    22 |    19 |    71 |    91 |    45 ||   259
       Ice Form          |       |       |    28 |    78 |    95 |       ||   201
       Dragon Form       |       |       |       |       |     3 |    51 ||    54
       Airstrike         |       |       |       |       |       |     1 ||     1
Invok: Call Merchant     |       |       |       |     4 |     1 |     1 ||     6
       Potion Petition   |       |       |       |       |     3 |     4 ||     7
Evoke: Wand              |       |       |       |     8 |    16 |       ||    24
  Use: Scroll            |     3 |     7 |     4 |    16 |     5 |       ||    35
       Potion            |       |     2 |     1 |     6 |    13 |       ||    22
 Stab: Sleeping          |     1 |     6 |     1 |     2 |       |       ||    10
       Distracted        |       |     1 |     1 |     3 |    10 |     5 ||    20
       Confused          |       |       |       |       |     1 |       ||     1
Armor: Skin              |     7 |    28 |    54 |   136 |   347 |   220 ||   792
Dodge: Dodged            |    58 |    51 |   120 |   284 |   788 |   492 ||  1793

Table legend: (Time is in decaauts)
 A = Elapsed time spent in this place.
 B = Non-inter-level travel time spent in this place.
 C = Inter-level travel time spent in this place.
 D = Time resting spent in this place.
 E = Time spent auto-exploring this place.
 F = Levels seen in this place.
 G = Mean time per level.
                   A        B        C        D        E       F      G
               +--------+--------+--------+--------+--------+-----+--------+
         Total |  34271 |  32227 |   2044 |    309 |  25698 |  29 | 1181.8 |
       Dungeon |  19636 |  18291 |   1345 |    290 |  14505 |  15 | 1309.1 |
          Lair |   7669 |   7200 |    469 |      0 |   5610 |   5 | 1533.8 |
   Spider Nest |   4405 |   4307 |     98 |     19 |   3621 |   4 | 1101.2 |
    Slime Pits |      3 |      3 |      0 |      0 |      0 |   1 |    3.0 |
  Orcish Mines |   1729 |   1599 |    130 |      0 |   1361 |   2 |  864.5 |
         Abyss |     63 |     63 |      0 |      0 |     45 |   1 |   63.0 |
       Ossuary |    764 |    764 |      0 |      0 |    555 |   1 |  764.0 |
               +--------+--------+--------+--------+--------+-----+--------+

Top non-repeatable levels by time:
  Lair:5: 2421 daAuts
     D:2: 1981 daAuts
     D:9: 1833 daAuts
    D:14: 1744 daAuts
     D:4: 1693 daAuts
Spider:3: 1585 daAuts
    D:13: 1554 daAuts
    D:12: 1506 daAuts
Spider:2: 1495 daAuts
  Lair:1: 1479 daAuts
     D:8: 1472 daAuts
  Lair:3: 1458 daAuts
  Lair:4: 1274 daAuts
    D:10: 1184 daAuts
    D:15: 1174 daAuts
